[ PARTIDA AOE2 · #481922218 ]
UnrankedItalianos vs Berbers
[ ANÁLISIS DE REPETICIÓN · EXTRAÍDO DE LA PARTIDA GRABADA ]
Feudal
14:43
Castillos
20:15
Imperial
—
| APM promedio | 16.8 |
| APM pico | 59 |
| eAPM promedio | 10.5 |
| Aldeanos / militares | 61 / 3 |
Foco
⚔️ 15.3% · 🌾 84.7%
Spearman ×3
Feudal
14:24
Castillos
18:19
Imperial
—
| APM promedio | 11.9 |
| APM pico | 24 |
| eAPM promedio | 7.7 |
| Aldeanos / militares | 45 / 6 |
Foco
⚔️ 20.1% · 🌾 79.9%
Kona ×6
Feudal
14:06
Castillos
18:01
Imperial
—
| APM promedio | 24.5 |
| APM pico | 47 |
| eAPM promedio | 12.0 |
| Aldeanos / militares | 66 / 7 |
Foco
⚔️ 21.4% · 🌾 78.6%
Bolas Rider ×5 · Monk ×2 · Unknown (2550) ×1
Feudal
16:36
Castillos
21:25
Imperial
—
| APM promedio | 34.6 |
| APM pico | 63 |
| eAPM promedio | 11.5 |
| Aldeanos / militares | 38 / 9 |
Foco
⚔️ 14.4% · 🌾 85.6%
Steppe Lancer ×7 · Iron Pagoda ×2
Feudal
15:36
Castillos
19:38
Imperial
—
| APM promedio | 16.6 |
| APM pico | 35 |
| eAPM promedio | 9.0 |
| Aldeanos / militares | 53 / 0 |
Foco
⚔️ 13.9% · 🌾 86.1%
Feudal
14:28
Castillos
—
Imperial
—
| APM promedio | 11.6 |
| APM pico | 28 |
| eAPM promedio | 6.7 |
| Aldeanos / militares | 68 / 0 |
Foco
⚔️ 9.8% · 🌾 90.2%
Feudal
17:12
Castillos
23:17
Imperial
—
| APM promedio | 33.0 |
| APM pico | 101 |
| eAPM promedio | 9.0 |
| Aldeanos / militares | 62 / 5 |
Foco
⚔️ 21.9% · 🌾 78.1%
Scout Cavalry ×5
Feudal
14:33
Castillos
21:41
Imperial
—
| APM promedio | 42.2 |
| APM pico | 117 |
| eAPM promedio | 18.5 |
| Aldeanos / militares | 84 / 0 |
Foco
⚔️ 11.4% · 🌾 88.6%
Mapa de la partida
Recursos iniciales + cada clic de construcción. Líneas = muros · curvas = relieve. ◆ oro · ⬟ piedra · ● bayas · ✦ reliquia · ◌ hueco del cierre
Tu base· Abierta — hueco de 10t
Base de David~H· Abierta — flanco sin cerrar
Base de 迈啪我卡好· Abierta — flanco sin cerrar
Base de andy· Abierta — flanco sin cerrar
Base de öpücüüü· Abierta — flanco sin cerrar
Base de zardanadam· Abierta — flanco sin cerrar
Base de Obser· Abierta — flanco sin cerrar
Base de Dark King· Abierta — flanco sin cerrar
Terreno inicial suavizado · ◌ = hueco del cierre detectado · pasá el cursor para detalles
Inputs por minuto
— OLD DIRTY PUMA GDL - - David~H
Build order — OLD DIRTY PUMA GDL
111 acciones detectadas en el replay
| 0:10 | Construir | House |
| 0:34 | Construir | Town Center |
| 2:44 | Crear | Villager (Male) |
| 2:45 | Crear | Villager (Male) |
| 2:45 | Crear | Villager (Male) |
| 2:45 | Crear | Villager (Male) |
| 2:45 | Crear | Villager (Male) |
| 2:46 | Crear | Villager (Male) |
| 3:21 | Investigar | Loom |
| 5:16 | Crear | Villager (Male) |
| 5:16 | Crear | Villager (Male) |
| 5:17 | Crear | Villager (Male) |
| 5:33 | Construir | House |
| 6:02 | Crear | Villager (Male) |
| 6:02 | Crear | Villager (Male) |
| 6:02 | Crear | Villager (Male) |
| 6:02 | Crear | Villager (Male) |
| 6:40 | Crear | Villager (Male) |
| 6:40 | Crear | Villager (Male) |
| 7:19 | Crear | Villager (Male) |
| 7:19 | Crear | Villager (Male) |
| 7:19 | Crear | Villager (Male) |
| 7:19 | Crear | Villager (Male) |
| 7:39 | Crear | Villager (Male) |
| 7:39 | Crear | Villager (Male) |
| 7:39 | Crear | Villager (Male) |
| 8:24 | Construir | House |
| 9:05 | Crear | Villager (Male) |
| 9:06 | Crear | Villager (Male) |
| 9:06 | Crear | Villager (Male) |
| 9:06 | Crear | Villager (Male) |
| 9:06 | Crear | Villager (Male) |
| 10:00 | Crear | Villager (Male) |
| 10:00 | Crear | Villager (Male) |
| 10:01 | Crear | Villager (Male) |
| 10:01 | Crear | Villager (Male) |
| 10:01 | Crear | Villager (Male) |
| 10:01 | Crear | Villager (Male) |
| 10:02 | Crear | Villager (Male) |
| 10:02 | Crear | Villager (Male) |
| 10:05 | Construir | House |
| 10:07 | Construir | House |
| 10:09 | Construir | House |
| 11:23 | Construir | Mill |
| 11:24 | Crear | Villager (Male) |
| 11:38 | Construir | Lumber Camp |
| 11:46 | Construir | House |
| 11:51 | Crear | Villager (Male) |
| 12:26 | Construir | Mining Camp |
| 12:33 | Investigar | Feudal Age |
| 13:50 | Crear | Villager (Male) |
| 13:51 | Crear | Villager (Male) |
| 14:43 | Edad | Edad Feudal |
| 14:57 | Investigar | Double-Bit Axe |
| 15:02 | Crear | Villager (Male) |
| 15:27 | Construir | Mining Camp |
| 15:33 | Construir | Barracks |
| 15:44 | Crear | Villager (Male) |
| 16:08 | Construir | Blacksmith |
| 16:17 | Crear | Villager (Male) |
| 16:41 | Construir | Market |
| 16:51 | Crear | Villager (Male) |
| 17:32 | Construir | Mill |
| 17:35 | Investigar | Castle Age |
| 17:51 | Investigar | Fletching |
| 18:42 | Investigar | Gold Mining |
| 18:54 | Investigar | Padded Archer Armor |
| 18:56 | Crear | Villager (Male) |
| 19:35 | Crear | Spearman |
| 19:40 | Construir | Palisade Wall |
| 19:42 | Construir | Palisade Wall |
| 19:44 | Construir | Palisade Wall |
| 19:58 | Construir | House |
| 20:01 | Construir | House |
| 20:07 | Construir | Palisade Wall |
| 20:09 | Construir | Palisade Wall |
| 20:12 | Construir | Palisade Wall |
| 20:15 | Edad | Edad de los Castillos |
| 20:30 | Crear | Villager (Male) |
| 20:43 | Crear | Spearman |
| 20:52 | Construir | Farm |
| 21:01 | Crear | Spearman |
| 21:16 | Construir | Farm |
| 21:24 | Construir | Town Center |
| 21:43 | Investigar | Bodkin Arrow |
| 21:50 | Crear | Villager (Male) |
| 21:51 | Crear | Villager (Male) |
| 22:19 | Crear | Villager (Male) |
| 22:33 | Construir | Farm |
| 22:37 | Crear | Villager (Male) |
| 22:49 | Construir | Farm |
| 22:52 | Crear | Villager (Male) |
| 23:20 | Construir | Town Center |
| 23:28 | Construir | Lumber Camp |
| 23:31 | Investigar | Bow Saw |
| 23:57 | Crear | Villager (Male) |
| 24:35 | Investigar | Wheelbarrow |
| 24:40 | Construir | Farm |
| 25:34 | Crear | Villager (Male) |
| 25:35 | Crear | Villager (Male) |
| 25:35 | Crear | Villager (Male) |
| 25:49 | Construir | Castle |
| 25:55 | Crear | Villager (Male) |
| 25:55 | Crear | Villager (Male) |
| 25:55 | Crear | Villager (Male) |
| 26:14 | Construir | Farm |
| 26:22 | Crear | Villager (Male) |
| 26:22 | Crear | Villager (Male) |
| 26:22 | Crear | Villager (Male) |
| 26:22 | Crear | Villager (Male) |
| 26:33 | Construir | Farm |
Build order — David~H
95 acciones detectadas en el replay
| 0:42 | Construir | Town Center |
| 2:53 | Construir | House |
| 2:58 | Investigar | Loom |
| 3:00 | Crear | Villager (Male) |
| 3:01 | Crear | Villager (Male) |
| 3:01 | Crear | Villager (Male) |
| 3:01 | Crear | Villager (Male) |
| 4:33 | Crear | Villager (Male) |
| 4:58 | Construir | House |
| 5:06 | Crear | Villager (Male) |
| 5:58 | Crear | Villager (Male) |
| 5:59 | Crear | Villager (Male) |
| 6:12 | Construir | Settlement |
| 6:34 | Crear | Villager (Male) |
| 6:50 | Crear | Villager (Male) |
| 7:06 | Construir | House |
| 7:12 | Crear | Villager (Male) |
| 7:55 | Crear | Villager (Male) |
| 8:01 | Crear | Villager (Male) |
| 8:02 | Crear | Villager (Male) |
| 8:32 | Crear | Villager (Male) |
| 8:32 | Crear | Villager (Male) |
| 8:38 | Construir | House |
| 8:43 | Crear | Villager (Male) |
| 9:15 | Crear | Villager (Male) |
| 9:26 | Crear | Villager (Male) |
| 10:12 | Construir | Settlement |
| 11:07 | Crear | Villager (Male) |
| 11:07 | Crear | Villager (Male) |
| 11:59 | Investigar | Feudal Age |
| 14:22 | Construir | Palisade Wall |
| 14:24 | Edad | Edad Feudal |
| 14:30 | Construir | Market |
| 14:34 | Construir | Blacksmith |
| 14:45 | Crear | Villager (Male) |
| 14:46 | Crear | Villager (Male) |
| 14:46 | Crear | Villager (Male) |
| 14:46 | Crear | Villager (Male) |
| 14:46 | Crear | Villager (Male) |
| 15:26 | Construir | Palisade Wall |
| 15:31 | Construir | Palisade Gate |
| 15:39 | Investigar | Castle Age |
| 15:45 | Construir | Palisade Gate |
| 17:35 | Construir | Outpost |
| 18:19 | Edad | Edad de los Castillos |
| 18:28 | Construir | Castle |
| 18:32 | Construir | Palisade Wall |
| 18:36 | Construir | Palisade Wall |
| 19:05 | Investigar | Town Watch |
| 19:11 | Investigar | Fletching |
| 20:12 | Construir | Town Center |
| 20:15 | Crear | Kona |
| 20:15 | Crear | Kona |
| 20:15 | Crear | Kona |
| 20:15 | Crear | Kona |
| 20:16 | Crear | Kona |
| 20:16 | Crear | Kona |
| 21:23 | Construir | Farm |
| 21:26 | Construir | Farm |
| 21:30 | Construir | Farm |
| 22:04 | Construir | Farm |
| 22:06 | Construir | Farm |
| 22:07 | Construir | Farm |
| 22:15 | Construir | Farm |
| 22:41 | Crear | Villager (Male) |
| 22:48 | Construir | Farm |
| 22:52 | Construir | Farm |
| 22:58 | Construir | Farm |
| 23:02 | Construir | Farm |
| 23:06 | Crear | Villager (Male) |
| 23:36 | Construir | Farm |
| 23:38 | Construir | Farm |
| 23:40 | Crear | Villager (Male) |
| 23:45 | Crear | Villager (Male) |
| 24:08 | Crear | Villager (Male) |
| 24:27 | Crear | Villager (Male) |
| 24:29 | Crear | Villager (Male) |
| 24:43 | Crear | Villager (Male) |
| 24:47 | Construir | Farm |
| 24:48 | Construir | Farm |
| 24:55 | Crear | Villager (Male) |
| 25:40 | Construir | Town Center |
| 25:46 | Crear | Villager (Male) |
| 25:46 | Crear | Villager (Male) |
| 25:48 | Crear | Villager (Male) |
| 25:49 | Crear | Villager (Male) |
| 25:49 | Crear | Villager (Male) |
| 25:56 | Construir | Town Center |
| 26:01 | Crear | Villager (Male) |
| 26:31 | Crear | Villager (Male) |
| 26:32 | Crear | Villager (Male) |
| 26:32 | Crear | Villager (Male) |
| 26:35 | Construir | Farm |
| 26:37 | Construir | Farm |
| 26:43 | Crear | Villager (Male) |
Build order — 迈啪我卡好
144 acciones detectadas en el replay
| 1:27 | Construir | Town Center |
| 2:33 | Construir | House |
| 3:36 | Crear | Villager (Male) |
| 3:37 | Crear | Villager (Male) |
| 3:37 | Crear | Villager (Male) |
| 3:37 | Crear | Villager (Male) |
| 3:37 | Crear | Villager (Male) |
| 3:44 | Construir | House |
| 4:32 | Construir | House |
| 4:44 | Construir | House |
| 5:00 | Crear | Villager (Male) |
| 5:29 | Crear | Villager (Male) |
| 5:58 | Crear | Villager (Male) |
| 5:59 | Crear | Villager (Male) |
| 6:00 | Crear | Villager (Male) |
| 6:24 | Crear | Villager (Male) |
| 6:24 | Crear | Villager (Male) |
| 6:33 | Construir | House |
| 6:49 | Crear | Villager (Male) |
| 7:41 | Crear | Villager (Male) |
| 7:41 | Crear | Villager (Male) |
| 8:07 | Crear | Villager (Male) |
| 8:07 | Crear | Villager (Male) |
| 8:07 | Crear | Villager (Male) |
| 8:35 | Construir | Settlement |
| 8:57 | Crear | Villager (Male) |
| 9:20 | Crear | Villager (Male) |
| 9:22 | Crear | Villager (Male) |
| 9:23 | Crear | Villager (Male) |
| 9:23 | Crear | Villager (Male) |
| 10:08 | Construir | House |
| 10:21 | Construir | House |
| 10:28 | Crear | Villager (Male) |
| 10:28 | Crear | Villager (Male) |
| 10:32 | Construir | House |
| 11:05 | Crear | Villager (Male) |
| 11:06 | Investigar | Feudal Age |
| 11:58 | Construir | House |
| 12:45 | Construir | Barracks |
| 13:20 | Crear | Villager (Male) |
| 13:21 | Crear | Villager (Male) |
| 13:45 | Crear | Unit 2550 |
| 14:04 | Crear | Villager (Male) |
| 14:06 | Edad | Edad Feudal |
| 14:10 | Construir | Blacksmith |
| 14:12 | Crear | Villager (Male) |
| 14:17 | Construir | Market |
| 14:23 | Construir | Archery Range |
| 15:00 | Construir | House |
| 15:03 | Investigar | Castle Age |
| 15:03 | Investigar | Castle Age |
| 15:28 | Investigar | Double-Bit Axe |
| 15:32 | Construir | House |
| 16:03 | Construir | Settlement |
| 16:24 | Construir | House |
| 16:30 | Investigar | Horse Collar |
| 16:59 | Construir | Archery Range |
| 17:05 | Construir | House |
| 17:09 | Investigar | Fletching |
| 17:33 | Construir | Palisade Gate |
| 17:37 | Construir | House |
| 17:40 | Crear | Villager (Male) |
| 17:44 | Construir | House |
| 17:47 | Construir | Palisade Gate |
| 17:49 | Construir | Palisade Wall |
| 17:53 | Crear | Villager (Male) |
| 18:01 | Edad | Edad de los Castillos |
| 18:08 | Crear | Villager (Male) |
| 18:26 | Crear | Villager (Male) |
| 18:35 | Crear | Villager (Male) |
| 18:45 | Crear | Villager (Male) |
| 18:54 | Construir | Town Center |
| 19:14 | Crear | Villager (Male) |
| 19:16 | Crear | Bolas Rider |
| 19:21 | Construir | House |
| 19:22 | Construir | House |
| 19:23 | Crear | Villager (Male) |
| 19:28 | Construir | Monastery |
| 19:36 | Crear | Bolas Rider |
| 19:37 | Crear | Villager (Male) |
| 19:51 | Investigar | Bow Saw |
| 19:52 | Crear | Villager (Male) |
| 20:08 | Crear | Bolas Rider |
| 20:36 | Crear | Bolas Rider |
| 20:37 | Crear | Villager (Male) |
| 20:55 | Investigar | Wheelbarrow |
| 20:56 | Crear | Villager (Male) |
| 21:03 | Crear | Monk |
| 21:23 | Construir | Farm |
| 21:23 | Construir | Farm |
| 21:23 | Construir | Farm |
| 21:29 | Construir | House |
| 21:31 | Crear | Villager (Male) |
| 21:38 | Crear | Bolas Rider |
| 22:00 | Crear | Villager (Male) |
| 22:04 | Crear | Villager (Male) |
| 22:08 | Construir | House |
| 22:20 | Construir | Town Center |
| 22:28 | Crear | Villager (Male) |
| 22:39 | Crear | Villager (Male) |
| 22:43 | Construir | Farm |
| 22:46 | Construir | Farm |
| 22:48 | Investigar | Loom |
| 22:52 | Crear | Villager (Male) |
| 22:53 | Construir | House |
| 22:55 | Construir | House |
| 23:16 | Crear | Monk |
| 23:19 | Crear | Villager (Male) |
| 23:26 | Construir | Farm |
| 23:31 | Construir | Farm |
| 23:33 | Crear | Villager (Male) |
| 23:36 | Construir | Farm |
| 23:50 | Crear | Villager (Male) |
| 23:52 | Construir | House |
| 23:53 | Crear | Villager (Male) |
| 24:28 | Construir | Town Center |
| 24:29 | Crear | Villager (Male) |
| 24:30 | Crear | Villager (Male) |
| 24:30 | Crear | Villager (Male) |
| 24:40 | Construir | House |
| 24:51 | Construir | Settlement |
| 24:52 | Crear | Villager (Male) |
| 24:58 | Construir | Farm |
| 24:59 | Construir | Farm |
| 25:00 | Construir | Farm |
| 25:05 | Construir | Farm |
| 25:06 | Crear | Villager (Male) |
| 25:07 | Crear | Villager (Male) |
| 25:15 | Investigar | Town Watch |
| 25:24 | Crear | Villager (Male) |
| 25:28 | Crear | Villager (Male) |
| 25:33 | Crear | Villager (Male) |
| 25:42 | Construir | Farm |
| 25:48 | Construir | Settlement |
| 25:48 | Crear | Villager (Male) |
| 26:16 | Construir | Farm |
| 26:18 | Crear | Villager (Male) |
| 26:18 | Crear | Villager (Male) |
| 26:19 | Crear | Villager (Male) |
| 26:21 | Construir | House |
| 26:25 | Construir | Farm |
| 26:34 | Construir | University |
| 26:42 | Investigar | Fervor |
| 26:44 | Crear | Villager (Male) |
Build order — andy
72 acciones detectadas en el replay
| 1:30 | Construir | Town Center |
| 1:45 | Construir | House |
| 3:37 | Crear | Villager (Male) ×4 |
| 3:38 | Investigar | Loom |
| 5:25 | Crear | Villager (Male) ×2 |
| 5:56 | Crear | Villager (Male) |
| 5:57 | Crear | Villager (Male) |
| 6:20 | Crear | Villager (Male) |
| 6:20 | Crear | Villager (Male) |
| 7:07 | Construir | House |
| 7:12 | Construir | House |
| 7:14 | Construir | House |
| 8:46 | Construir | Mill |
| 9:01 | Crear | Villager (Male) ×5 |
| 9:01 | Crear | Villager (Male) |
| 9:02 | Crear | Villager (Male) ×2 |
| 10:11 | Crear | Villager (Male) |
| 10:11 | Crear | Villager (Male) |
| 11:30 | Crear | Villager (Male) |
| 11:31 | Crear | Villager (Male) |
| 11:54 | Crear | Villager (Male) |
| 11:54 | Crear | Villager (Male) |
| 12:28 | Construir | Lumber Camp |
| 14:16 | Investigar | Feudal Age |
| 14:27 | Construir | Mining Camp |
| 15:39 | Construir | House |
| 15:47 | Construir | House |
| 16:03 | Construir | House |
| 16:05 | Construir | House |
| 16:36 | Edad | Edad Feudal |
| 16:48 | Construir | Blacksmith |
| 16:54 | Construir | House |
| 17:04 | Construir | Market |
| 17:18 | Crear | Villager (Male) |
| 17:18 | Crear | Villager (Male) |
| 17:18 | Crear | Villager (Male) |
| 18:34 | Construir | Barracks |
| 18:45 | Investigar | Castle Age |
| 18:48 | Investigar | Double-Bit Axe |
| 19:34 | Construir | Stable |
| 19:42 | Construir | Stable |
| 21:02 | Construir | House |
| 21:25 | Edad | Edad de los Castillos |
| 21:32 | Crear | Steppe Lancer |
| 21:32 | Crear | Steppe Lancer |
| 21:33 | Crear | Steppe Lancer |
| 21:43 | Construir | Town Center |
| 21:47 | Crear | Villager (Male) |
| 21:48 | Crear | Villager (Male) |
| 21:48 | Crear | Villager (Male) |
| 22:04 | Construir | Town Center |
| 22:36 | Construir | Siege Workshop |
| 22:52 | Construir | Gate |
| 23:04 | Crear | Villager (Male) |
| 23:05 | Crear | Villager (Male) |
| 23:05 | Crear | Villager (Male) |
| 23:05 | Crear | Villager (Male) |
| 23:05 | Crear | Villager (Male) |
| 23:27 | Construir | Pasture |
| 23:39 | Investigar | Forging |
| 23:40 | Investigar | Scale Barding Armor |
| 24:25 | Crear | Steppe Lancer |
| 24:25 | Crear | Steppe Lancer |
| 24:46 | Construir | Monastery |
| 24:53 | Crear | Iron Pagoda |
| 24:54 | Crear | Iron Pagoda |
| 25:06 | Crear | Villager (Male) |
| 25:06 | Crear | Villager (Male) |
| 25:07 | Crear | Villager (Male) |
| 26:25 | Investigar | Husbandry |
| 26:26 | Crear | Steppe Lancer |
| 26:27 | Crear | Steppe Lancer |
Build order — öpücüüü
96 acciones detectadas en el replay
| 1:36 | Construir | Town Center |
| 1:45 | Construir | House |
| 1:46 | Construir | House |
| 1:47 | Construir | House |
| 3:03 | Construir | House |
| 3:42 | Crear | Villager (Male) ×4 |
| 3:43 | Crear | Villager (Male) ×4 |
| 5:09 | Crear | Villager (Male) |
| 5:45 | Investigar | Loom |
| 5:58 | Crear | Villager (Male) |
| 5:59 | Crear | Villager (Male) |
| 6:44 | Crear | Villager (Male) |
| 6:44 | Crear | Villager (Male) |
| 6:44 | Crear | Villager (Male) |
| 7:29 | Crear | Villager (Male) |
| 7:29 | Crear | Villager (Male) |
| 8:01 | Crear | Villager (Male) ×3 |
| 8:01 | Crear | Villager (Male) ×3 |
| 9:39 | Crear | Villager (Male) |
| 9:39 | Crear | Villager (Male) |
| 9:57 | Construir | Lumber Camp |
| 10:09 | Construir | Mill |
| 10:23 | Crear | Villager (Male) |
| 10:23 | Crear | Villager (Male) |
| 10:24 | Crear | Villager (Male) |
| 10:24 | Crear | Villager (Male) |
| 11:55 | Crear | Villager (Male) |
| 11:55 | Crear | Villager (Male) |
| 12:08 | Construir | Mining Camp |
| 12:47 | Crear | Villager (Male) |
| 13:11 | Investigar | Feudal Age |
| 13:23 | Construir | Farm |
| 13:31 | Construir | Farm |
| 14:03 | Crear | Villager (Male) |
| 14:03 | Crear | Villager (Male) |
| 14:14 | Construir | House |
| 14:15 | Construir | House |
| 15:21 | Construir | Farm |
| 15:25 | Construir | Farm |
| 15:30 | Construir | Farm |
| 15:36 | Edad | Edad Feudal |
| 15:41 | Construir | Blacksmith |
| 15:51 | Construir | Market |
| 16:03 | Crear | Villager (Male) |
| 16:11 | Construir | Farm |
| 16:21 | Construir | Stone Wall |
| 16:25 | Construir | Gate |
| 16:58 | Investigar | Castle Age |
| 16:58 | Investigar | Castle Age |
| 17:14 | Construir | Stone Wall |
| 17:18 | Construir | Gate |
| 17:42 | Investigar | Double-Bit Axe |
| 18:14 | Investigar | Horse Collar |
| 18:59 | Crear | Villager (Male) |
| 18:59 | Crear | Villager (Male) |
| 19:38 | Edad | Edad de los Castillos |
| 19:42 | Construir | Town Center |
| 19:57 | Construir | Town Center |
| 20:03 | Crear | Villager (Male) |
| 20:03 | Crear | Villager (Male) |
| 20:25 | Construir | Stone Wall |
| 20:29 | Construir | Stone Wall |
| 20:49 | Crear | Villager (Male) |
| 20:49 | Crear | Villager (Male) |
| 20:49 | Crear | Villager (Male) |
| 20:58 | Construir | Gate |
| 21:07 | Crear | Villager (Male) |
| 21:08 | Crear | Villager (Male) |
| 21:08 | Crear | Villager (Male) |
| 21:20 | Construir | Monastery |
| 21:25 | Crear | Villager (Male) |
| 21:26 | Crear | Villager (Male) |
| 21:29 | Crear | Villager (Male) |
| 21:44 | Construir | Farm |
| 21:47 | Construir | Farm |
| 21:50 | Construir | Farm |
| 21:53 | Construir | Farm |
| 21:56 | Crear | Villager (Male) |
| 21:58 | Crear | Villager (Male) |
| 22:01 | Crear | Villager (Male) |
| 22:04 | Construir | Farm |
| 22:10 | Construir | Farm |
| 22:24 | Construir | Stone Wall |
| 22:28 | Construir | Gate |
| 22:40 | Crear | Villager (Male) |
| 22:41 | Crear | Villager (Male) |
| 22:47 | Construir | Farm |
| 22:49 | Construir | Farm |
| 22:52 | Construir | Farm |
| 22:57 | Crear | Villager (Male) |
| 23:15 | Construir | House |
| 23:16 | Construir | House |
| 23:16 | Construir | House |
| 23:18 | Construir | House |
| 23:35 | Construir | Farm |
| 23:40 | Construir | Farm |
Build order — zardanadam
111 acciones detectadas en el replay
| 0:12 | Construir | Town Center |
| 0:23 | Construir | House |
| 2:47 | Crear | Villager (Male) |
| 2:47 | Crear | Villager (Male) |
| 2:47 | Crear | Villager (Male) |
| 2:47 | Crear | Villager (Male) |
| 2:47 | Crear | Villager (Male) |
| 2:48 | Crear | Villager (Male) |
| 2:48 | Crear | Villager (Male) |
| 4:35 | Crear | Villager (Male) |
| 4:36 | Crear | Villager (Male) |
| 4:36 | Crear | Villager (Male) |
| 5:12 | Crear | Villager (Male) |
| 5:12 | Crear | Villager (Male) |
| 5:12 | Crear | Villager (Male) |
| 5:12 | Crear | Villager (Male) |
| 6:05 | Crear | Villager (Male) |
| 6:05 | Crear | Villager (Male) |
| 6:06 | Crear | Villager (Male) |
| 6:06 | Crear | Villager (Male) |
| 6:41 | Crear | Villager (Male) |
| 6:42 | Crear | Villager (Male) |
| 6:42 | Crear | Villager (Male) |
| 6:42 | Crear | Villager (Male) |
| 6:57 | Construir | House |
| 7:33 | Construir | House |
| 7:35 | Construir | House |
| 7:37 | Construir | House |
| 7:41 | Crear | Villager (Male) |
| 7:41 | Crear | Villager (Male) |
| 7:41 | Crear | Villager (Male) |
| 7:41 | Crear | Villager (Male) |
| 8:28 | Crear | Villager (Male) |
| 8:28 | Crear | Villager (Male) |
| 8:28 | Crear | Villager (Male) |
| 8:29 | Crear | Villager (Male) |
| 9:32 | Construir | Settlement |
| 9:45 | Crear | Villager (Male) |
| 9:45 | Crear | Villager (Male) |
| 9:45 | Crear | Villager (Male) |
| 9:46 | Crear | Villager (Male) |
| 10:13 | Crear | Villager (Male) |
| 10:13 | Crear | Villager (Male) |
| 10:13 | Crear | Villager (Male) |
| 10:34 | Crear | Villager (Male) |
| 10:56 | Crear | Villager (Male) |
| 10:56 | Crear | Villager (Male) |
| 10:57 | Crear | Villager (Male) |
| 10:57 | Crear | Villager (Male) |
| 11:16 | Construir | Barracks |
| 11:50 | Crear | Villager (Male) |
| 12:18 | Investigar | Feudal Age |
| 12:19 | Investigar | Feudal Age |
| 14:02 | Crear | Villager (Male) |
| 14:03 | Crear | Villager (Male) |
| 14:03 | Crear | Villager (Male) |
| 14:03 | Crear | Villager (Male) |
| 14:03 | Crear | Villager (Male) |
| 14:04 | Crear | Villager (Male) |
| 14:04 | Crear | Villager (Male) |
| 14:28 | Edad | Edad Feudal |
| 14:42 | Construir | Settlement |
| 14:48 | Crear | Villager (Male) |
| 14:48 | Crear | Villager (Male) |
| 14:49 | Crear | Villager (Male) |
| 15:26 | Construir | Settlement |
| 16:22 | Construir | House |
| 16:24 | Construir | House |
| 16:26 | Construir | House |
| 16:27 | Construir | House |
| 16:31 | Construir | House |
| 16:33 | Construir | House |
| 16:35 | Construir | House |
| 16:37 | Construir | House |
| 16:49 | Crear | Villager (Male) |
| 16:50 | Crear | Villager (Male) |
| 17:01 | Construir | Farm |
| 17:01 | Construir | Farm |
| 17:02 | Construir | Farm |
| 17:03 | Construir | Farm |
| 17:05 | Construir | Farm |
| 17:09 | Construir | Farm |
| 17:25 | Crear | Villager (Male) |
| 17:32 | Construir | Farm |
| 17:36 | Construir | Farm |
| 17:42 | Construir | Farm |
| 17:46 | Crear | Villager (Male) |
| 17:47 | Crear | Villager (Male) |
| 17:47 | Crear | Villager (Male) |
| 18:58 | Construir | Settlement |
| 19:06 | Construir | Archery Range |
| 19:11 | Construir | Farm |
| 19:27 | Investigar | Horse Collar |
| 19:27 | Investigar | Double-Bit Axe |
| 19:31 | Crear | Villager (Male) |
| 19:31 | Crear | Villager (Male) |
| 19:31 | Crear | Villager (Male) |
| 19:31 | Crear | Villager (Male) |
| 19:31 | Crear | Villager (Male) |
| 19:32 | Crear | Villager (Male) |
| 19:32 | Crear | Villager (Male) |
| 19:52 | Construir | Farm |
| 19:59 | Construir | Farm |
| 20:22 | Construir | Farm |
| 20:24 | Crear | Villager (Male) |
| 20:49 | Investigar | Tech 1402 |
| 20:55 | Construir | Farm |
| 21:18 | Construir | Farm |
| 21:30 | Construir | Farm |
| 21:36 | Construir | Farm |
| 21:40 | Crear | Villager (Male) |
Build order — Obser
62 acciones detectadas en el replay
| 1:21 | Construir | Town Center |
| 2:00 | Construir | Mill |
| 3:48 | Crear | Villager (Male) ×4 |
| 3:48 | Crear | Villager (Male) ×4 |
| 4:32 | Crear | Villager (Male) |
| 5:53 | Crear | Villager (Male) |
| 6:42 | Crear | Villager (Male) |
| 6:42 | Crear | Villager (Male) |
| 6:43 | Crear | Villager (Male) |
| 6:45 | Investigar | Loom |
| 7:14 | Crear | Villager (Male) ×4 |
| 7:15 | Crear | Villager (Male) ×4 |
| 7:45 | Crear | Villager (Male) |
| 7:46 | Crear | Villager (Male) |
| 7:46 | Crear | Villager (Male) |
| 8:49 | Crear | Villager (Male) ×5 |
| 8:50 | Crear | Villager (Male) ×5 |
| 8:50 | Crear | Villager (Male) |
| 9:25 | Crear | Villager (Male) ×2 |
| 11:49 | Crear | Villager (Male) ×5 |
| 11:49 | Crear | Villager (Male) ×5 |
| 11:49 | Crear | Villager (Male) ×3 |
| 12:37 | Crear | Villager (Male) ×3 |
| 13:46 | Construir | Lumber Camp |
| 14:34 | Crear | Villager (Male) |
| 14:34 | Crear | Villager (Male) |
| 14:34 | Crear | Villager (Male) |
| 14:34 | Crear | Villager (Male) |
| 14:41 | Investigar | Feudal Age |
| 14:41 | Investigar | Feudal Age |
| 15:47 | Construir | Barracks |
| 17:12 | Edad | Edad Feudal |
| 17:14 | Crear | Villager (Male) |
| 17:14 | Crear | Villager (Male) |
| 17:17 | Investigar | Wheelbarrow |
| 17:26 | Construir | Stable |
| 17:35 | Construir | Blacksmith |
| 17:59 | Crear | Villager (Male) |
| 17:59 | Crear | Villager (Male) |
| 18:22 | Construir | Mining Camp |
| 18:34 | Crear | Scout Cavalry ×5 |
| 18:56 | Investigar | Gold Mining |
| 19:11 | Investigar | Scale Barding Armor |
| 19:42 | Construir | Market |
| 20:37 | Investigar | Castle Age |
| 20:38 | Investigar | Castle Age |
| 22:14 | Crear | Villager (Male) |
| 22:36 | Construir | Farm |
| 22:37 | Construir | Farm |
| 22:38 | Construir | Farm |
| 22:40 | Construir | Farm |
| 22:42 | Construir | Farm |
| 22:43 | Construir | Farm |
| 22:45 | Construir | Farm |
| 22:46 | Construir | Farm |
| 22:56 | Construir | Farm |
| 22:57 | Construir | Farm |
| 22:59 | Construir | Farm |
| 23:00 | Construir | Farm |
| 23:17 | Edad | Edad de los Castillos |
| 23:28 | Construir | Stable |
| 23:35 | Construir | Farm |
Build order — Dark King
146 acciones detectadas en el replay
| 0:36 | Construir | Town Center |
| 0:41 | Construir | House |
| 1:13 | Construir | House |
| 2:43 | Crear | Villager (Male) |
| 2:43 | Crear | Villager (Male) |
| 2:43 | Crear | Villager (Male) |
| 2:44 | Crear | Villager (Male) |
| 2:44 | Crear | Villager (Male) |
| 4:13 | Investigar | Loom |
| 4:44 | Crear | Villager (Male) |
| 4:44 | Crear | Villager (Male) |
| 4:44 | Crear | Villager (Male) |
| 5:07 | Crear | Villager (Male) |
| 5:07 | Crear | Villager (Male) |
| 5:08 | Crear | Villager (Male) |
| 5:52 | Crear | Villager (Male) |
| 5:52 | Crear | Villager (Male) |
| 5:52 | Crear | Villager (Male) |
| 6:38 | Construir | Mill |
| 6:53 | Crear | Villager (Male) |
| 6:54 | Crear | Villager (Male) |
| 7:08 | Crear | Villager (Male) |
| 7:08 | Crear | Villager (Male) |
| 7:26 | Construir | House |
| 7:28 | Crear | Villager (Male) |
| 7:29 | Crear | Villager (Male) |
| 7:38 | Construir | Farm |
| 7:39 | Construir | Farm |
| 7:40 | Construir | Farm |
| 8:13 | Crear | Villager (Male) |
| 8:13 | Crear | Villager (Male) |
| 8:29 | Crear | Villager (Male) |
| 8:49 | Crear | Villager (Male) |
| 8:50 | Crear | Villager (Male) |
| 8:50 | Crear | Villager (Male) |
| 8:57 | Crear | Villager (Male) |
| 8:57 | Crear | Villager (Male) |
| 8:58 | Crear | Villager (Male) |
| 9:16 | Construir | House |
| 9:43 | Crear | Villager (Male) |
| 9:43 | Crear | Villager (Male) |
| 9:43 | Crear | Villager (Male) |
| 9:44 | Crear | Villager (Male) |
| 9:44 | Crear | Villager (Male) |
| 10:24 | Crear | Villager (Male) |
| 10:30 | Construir | Mule Cart |
| 10:30 | Crear | Villager (Male) |
| 10:32 | Crear | Villager (Male) |
| 10:32 | Crear | Villager (Male) |
| 10:58 | Crear | Villager (Male) |
| 10:58 | Crear | Villager (Male) |
| 11:18 | Crear | Villager (Male) |
| 11:51 | Crear | Villager (Male) |
| 12:16 | Investigar | Feudal Age |
| 12:31 | Crear | Villager (Male) |
| 12:43 | Construir | House |
| 12:50 | Construir | Barracks |
| 13:23 | Crear | Villager (Male) |
| 13:30 | Crear | Villager (Male) |
| 13:53 | Construir | Mule Cart |
| 14:27 | Construir | House |
| 14:33 | Edad | Edad Feudal |
| 14:41 | Construir | Blacksmith |
| 14:47 | Construir | Blacksmith |
| 14:54 | Construir | Stable |
| 14:57 | Crear | Villager (Male) |
| 14:59 | Investigar | Horse Collar |
| 14:59 | Investigar | Horse Collar |
| 15:02 | Investigar | Double-Bit Axe |
| 15:03 | Crear | Villager (Male) |
| 15:07 | Crear | Villager (Male) |
| 15:16 | Crear | Villager (Male) |
| 15:24 | Construir | Farm |
| 15:27 | Construir | Farm |
| 15:30 | Construir | Farm |
| 15:55 | Crear | Villager (Male) |
| 16:03 | Construir | Farm |
| 16:08 | Construir | Farm |
| 16:18 | Construir | House |
| 16:33 | Construir | House |
| 16:44 | Construir | House |
| 16:57 | Crear | Villager (Male) |
| 16:58 | Crear | Villager (Male) |
| 16:58 | Crear | Villager (Male) |
| 17:19 | Construir | Farm |
| 17:19 | Crear | Villager (Male) |
| 17:19 | Crear | Villager (Male) |
| 17:23 | Crear | Villager (Male) |
| 17:51 | Construir | Farm |
| 17:52 | Crear | Villager (Male) |
| 18:00 | Construir | Farm |
| 18:07 | Crear | Villager (Male) |
| 18:23 | Crear | Villager (Male) |
| 18:37 | Construir | House |
| 18:38 | Construir | House |
| 18:39 | Construir | House |
| 18:40 | Construir | House |
| 18:54 | Construir | Watch Tower |
| 19:01 | Investigar | Castle Age |
| 19:02 | Investigar | Castle Age |
| 19:45 | Crear | Villager (Male) |
| 20:28 | Crear | Villager (Male) |
| 20:34 | Crear | Villager (Male) |
| 20:53 | Construir | Mill |
| 21:41 | Edad | Edad de los Castillos |
| 22:11 | Investigar | Stone Mining |
| 22:17 | Investigar | Bow Saw |
| 22:19 | Investigar | Heavy Plow |
| 22:38 | Construir | Town Center |
| 23:34 | Crear | Villager (Male) |
| 23:34 | Crear | Villager (Male) |
| 23:34 | Crear | Villager (Male) |
| 23:35 | Crear | Villager (Male) |
| 23:35 | Crear | Villager (Male) |
| 23:35 | Crear | Villager (Male) |
| 23:55 | Construir | Farm |
| 23:56 | Crear | Villager (Male) |
| 23:56 | Crear | Villager (Male) |
| 24:03 | Construir | Farm |
| 24:04 | Construir | Farm |
| 24:06 | Construir | Farm |
| 24:22 | Crear | Villager (Male) |
| 24:24 | Crear | Villager (Male) |
| 24:27 | Construir | Farm |
| 24:28 | Crear | Villager (Male) |
| 24:37 | Crear | Villager (Male) |
| 24:44 | Crear | Villager (Male) |
| 25:01 | Construir | Castle |
| 25:35 | Construir | Town Center |
| 25:40 | Crear | Villager (Male) |
| 25:40 | Crear | Villager (Male) |
| 25:41 | Crear | Villager (Male) |
| 25:41 | Crear | Villager (Male) |
| 25:44 | Construir | Farm |
| 25:45 | Construir | Farm |
| 25:46 | Construir | Farm |
| 25:47 | Construir | Farm |
| 25:50 | Crear | Villager (Male) |
| 25:55 | Construir | House |
| 25:56 | Construir | House |
| 25:58 | Construir | House |
| 26:07 | Crear | Villager (Male) |
| 26:32 | Construir | Farm |
| 26:36 | Crear | Villager (Male) |
| 26:37 | Crear | Villager (Male) |
| 26:38 | Crear | Villager (Male) |
Cronología de la partida
| 11:16 | zardanadam · first_building Barracks |
| 12:45 | 迈啪我卡好 · first_building Barracks |
| 12:50 | Dark King · first_building Barracks |
| 14:06 | 迈啪我卡好 · age_up feudal |
| 14:22 | David~H · wall_segment Palisade Wall x1 |
| 14:23 | 迈啪我卡好 · first_building Archery Range |
| 14:24 | David~H · age_up feudal |
| 14:28 | zardanadam · age_up feudal |
| 14:33 | Dark King · age_up feudal |
| 14:43 | OLD DIRTY PUMA GDL · age_up feudal |
| 14:54 | Dark King · first_building Stable |
| 15:26 | David~H · wall_segment Palisade Wall x11 |
| 15:33 | OLD DIRTY PUMA GDL · first_building Barracks |
| 15:36 | öpücüüü · age_up feudal |
| 15:47 | Obser · first_building Barracks |
| 16:21 | öpücüüü · wall_segment Stone Wall x9 |
| 16:36 | andy · age_up feudal |
| 17:12 | Obser · age_up feudal |
| 17:14 | öpücüüü · wall_segment Stone Wall x15 |
| 17:26 | Obser · first_building Stable |
| 17:49 | 迈啪我卡好 · wall_segment Palisade Wall x1 |
| 18:01 | 迈啪我卡好 · age_up castle |
| 18:19 | David~H · age_up castle |
| 18:28 | David~H · first_building Castle |
| 18:32 | David~H · wall_segment Palisade Wall x1 |
| 18:34 | andy · first_building Barracks |
| 18:36 | David~H · wall_segment Palisade Wall x1 |
| 19:06 | zardanadam · first_building Archery Range |
| 19:28 | 迈啪我卡好 · first_building Monastery |
| 19:34 | andy · first_building Stable |
| 19:38 | öpücüüü · age_up castle |
| 19:40 | OLD DIRTY PUMA GDL · wall_segment Palisade Wall x1 |
| 19:42 | OLD DIRTY PUMA GDL · wall_segment Palisade Wall x1 |
| 19:44 | OLD DIRTY PUMA GDL · wall_segment Palisade Wall x1 |
| 20:07 | OLD DIRTY PUMA GDL · wall_segment Palisade Wall x1 |
| 20:09 | OLD DIRTY PUMA GDL · wall_segment Palisade Wall x1 |
| 20:12 | OLD DIRTY PUMA GDL · wall_segment Palisade Wall x1 |
| 20:15 | OLD DIRTY PUMA GDL · age_up castle |
| 20:25 | öpücüüü · wall_segment Stone Wall x14 |
| 20:29 | öpücüüü · wall_segment Stone Wall x15 |
| 21:20 | öpücüüü · first_building Monastery |
| 21:25 | andy · age_up castle |
| 21:41 | Dark King · age_up castle |
| 22:02 | zardanadam · resign |
| 22:24 | öpücüüü · wall_segment Stone Wall x5 |
| 22:36 | andy · first_building Siege Workshop |
| 23:17 | Obser · age_up castle |
| 24:46 | andy · first_building Monastery |
| 25:01 | Dark King · first_building Castle |
| 25:49 | OLD DIRTY PUMA GDL · first_building Castle |
[ ANÁLISIS IA · 1 CRÉDITO ]
¿Qué pasó realmente en esta partida?
Wolo.gg analiza cada decisión: build order, eco, micro, errores típicos por bracket. Análisis personalizado por WhatsApp o Discord en 30 segundos.
Guía civ
Italianos
Perfil
Jugador #4630521